 Dungeon Crawl Stone Soup version 0.32-a0-484-g2eb335deba (webtiles) character file.

Game seed: 17574875673857945725

5 Alarak the Shield-Bearer (level 1, -5/18 HPs)
             Began as a Formicid Fighter on Feb 26, 2024.
             Slain by a kobold
             ... wielding a +1 short sword of electrocution
              (19 damage)
             ... on level 1 of the Dungeon.
             The game lasted 00:00:16 (257 turns).

Alarak the Shield-Bearer (Formicid Fighter)          Turns: 257, Time: 00:00:16

Health: -5/18      AC:  6    Str: 20    XL:     1   Next: 88%
Magic:  1/1        EV:  9    Int:  7    God:
Gold:   14         SH:  5    Dex: 13    Spells: 0/0 levels left

rFire   . . .        a - +0 war axe
rCold   . . .        c - +0 buckler
rNeg    . . .        b - +0 scale mail
rPois   .            (helmet unavailable)
rElec   .            (no cloak)
rCorr   .            (no gloves)
SInv    +            (no boots)
Will    .....        (no amulet) Stlth
                     (no ring)
HPRegen 0.23/turn    (no ring)
MPRegen 0.07/turn

%: no passive effects
@: no status effects
A: permanent stasis, dig shafts and tunnels, antennae 3, four strong arms
a: Dig, Shaft Self


You were on level 1 of the Dungeon.
You visited 1 branch of the dungeon, and saw 1 of its levels.

You collected 14 gold pieces.

Inventory:

Hand Weapons
 a - a +0 war axe (weapon)
Armour
 b - a +0 scale mail (worn)
 c - a +0 buckler (worn)
Scrolls
 e - a scroll of fear {unknown}
 f - a scroll of vulnerability {unknown}
 g - a scroll of noise {unknown}
 h - a scroll of revelation {unknown}
 i - a scroll of identify {unknown}
Potions
 d - a potion of might


   Skills:
 - Level 3.2 Fighting
 + Level 2.5 Axes
 - Level 3.2 Armour
 - Level 4.0 Shields


You couldn't memorise any spells.
You didn't know any spells.
Your spell library was empty.

Dungeon Overview and Level Annotations

Branches:
Dungeon (1/15)

Altars:


Innate Abilities, Weirdness & Mutations

You cannot be hasted, slowed, berserked, paralysed or teleported.
You can dig through walls and to a lower floor.
You have a pair of large antennae on your head. (SInv)
Your four strong arms can wield two-handed weapons with a shield.


Message History

Found a plate armour.
A ball python comes into view.
The ball python hisses angrily.
The kobold hits you with a +0 short sword.
A kobold comes into view.
It is wielding a +1 short sword of electrocution.
You closely miss the kobold.
The kobold shouts!
A bat comes into view.
The kobold hits you but does no damage. You block the ball python's attack.
The ball python closely misses you.
The bat moves out of view.
You barely miss the ball python. You hit the kobold.
The kobold barely misses you.
The ball python bites you but does no damage.
The ball python grabs you. The ball python constricts you.
The kobold hits you but does no damage.
You barely miss the ball python. You miss the kobold.
You block the ball python's attack. The ball python constricts you.
The kobold barely misses you.
The ball python bites you but does no damage.
The ball python constricts you.
You closely miss the ball python. You barely miss the kobold.
The kobold barely misses you. You block the ball python's attack.
The ball python constricts you.
You closely miss the ball python. You barely miss the kobold.
You block the ball python's attack. The ball python constricts you.
You block the kobold's attack.
The ball python bites you but does no damage.
The ball python constricts you.
The kobold hits you with a +1 short sword of electrocution.
The kobold hits you with a +0 short sword.
You hit the ball python.
You kill the ball python!
You hit the kobold but do no damage. You hit the kobold.
The kobold barely misses you. You block the kobold's attack.
You barely miss the kobold.
The kobold is moderately wounded.
You hit the kobold but do no damage. The kobold barely misses you.
The kobold hits you but does no damage.
You are electrocuted!!
Ouch! That really hurt!
You die...

.. +# #. .# .. #.# # #.
#####+#.# .. #. #.
#.......#####.. .#..##.
#.......#......
......†###.......#......
#....K@.........#......
..[...K.####............
........####.#.#.#.....#
........................
##.##....###.#.#.#####.#
# ##...###............
...................
#..####...#.#######
...............


You could see 2 kobolds.

Vanquished Creatures
  A ball python (D:1)
  An endoplasm (D:1)
  A quokka (D:1)
  A bat (D:1)
  A frilled lizard (D:1)
5 creatures vanquished.

Notes
Turn   | Place    | Note
-------+----------+-------------------------------------------
     0 | D:1      | Alarak the Formicid Fighter began the quest for the Orb.
     0 | D:1      | Reached XP level 1. HP: 18/18 MP: 1/1
   257 | D:1      | Slain by a kobold

Illustrated notes

Levels and vault maps discovered:
D:1:      dpeg_arrival_orchard, layout_basic, serial_glass, glass_columns_a,
          glass_columns_c

Action                     || total
---------------------------++-------
  Melee: War axe           ||    15
 Armour: Scale mail        ||    11
  Dodge: Dodged            ||     9
  Block: Buckler           ||     9

Table legend: (Time is in decaauts)
 A = Elapsed time spent in this place.
 B = Non-inter-level travel time spent in this place.
 C = Inter-level travel time spent in this place.
 D = Time resting spent in this place.
 E = Time spent auto-exploring this place.
 F = Levels seen in this place.
 G = Mean time per level.
                   A        B        C        D        E       F      G
               +--------+--------+--------+--------+--------+-----+--------+
         Total |    262 |    262 |      0 |      0 |    222 |   1 |  262.0 |
       Dungeon |    262 |    262 |      0 |      0 |    222 |   1 |  262.0 |
               +--------+--------+--------+--------+--------+-----+--------+

Top non-repeatable levels by time:
     D:1: 262 daAuts
